PA
WALLA WALLA WALLEYE @ MYRTLE BEACH SEAHAWKS
06/10/2038
 
TOP OF THE 1ST
Walla Walla Walleye batting - Pitching for Myrtle Beach Seahawks : RHP Ignacio Manzanedo
Pitching: RHP Ignacio Manzanedo
Batting: RHB Elroy Hartman 0-0: SINGLE (Groundball, 56D, EV 115.6 MPH)
Batting: RHB José Garrastazu 0-0: Ball
1-0: Called Strike
1-1: Foul Ball, location: 2F
1-2: SINGLE (Line Drive, 56, EV 93.8 MPH)
Elroy Hartman to second
Batting: SHB John Hawley 0-0: Called Strike
0-1: Ball
1-1: Foul Ball, location: 2F
1-2: Ball
2-2: SINGLE (Groundball, 3D, EV 94.4 MPH)
Elroy Hartman to third
José Garrastazu to second
Batting: SHB Ánibal Arroyo 0-0: Called Strike
0-1: Ball
1-1: Foul Ball, location: 2F
1-2: Strikes out looking
Batting: RHB Anthon Oort 0-0: Ball
1-0: DOUBLE (Groundball, 5L, EV 101.2 MPH)
Elroy Hartman scores
José Garrastazu scores
John Hawley to third
Runner from 3rd tries for Home, SAFE, throw by LF to trailing runner, SAFE at third!
Batting: RHB Alejandro Cantú 0-0: Ground out 6-3 (Groundball, 6, EV 86.2 MPH)
Anthon Oort scores
Batting: LHB Jeff Hershberger 0-0: Ball
1-0: Ground out 4-3 (Groundball, 4, EV 82.5 MPH)
Top of the 1st over - 4 runs, 4 hits, 0 errors, 0 left on base; Walla Walla 4 - Myrtle Beach 0
BOTTOM OF THE 1ST
Myrtle Beach Seahawks batting - Pitching for Walla Walla Walleye : RHP Pjotr de Moor
Pitching: RHP Pjotr de Moor
Batting: RHB António Macías 0-0: Called Strike
0-1: Foul Ball, location: 2F
0-2: Ball
1-2: Fly out, F9 (Flyball, 9D, EV 99.4 MPH)
Batting: RHB Dan Kennedy 0-0: Fly out, F2 (Popup, 25F, EV 93.8 MPH)
Batting: LHB Teng Xuefeng 0-0: Called Strike
0-1: Ball
1-1: Foul Ball, location: 2F
1-2: Foul Ball, location: 2F
1-2: Foul Ball, location: 2F
1-2: Strikes out swinging
Bottom of the 1st over - 0 runs, 0 hits, 0 errors, 0 left on base; Walla Walla 4 - Myrtle Beach 0
TOP OF THE 2ND
Walla Walla Walleye batting - Pitching for Myrtle Beach Seahawks : RHP Ignacio Manzanedo
Batting: RHB Tobias Valencia 0-0: Hit by Pitch
Batting: RHB Ronald Hancock 0-0: Ball
1-0: SINGLE (Line Drive, 8RS, EV 90.6 MPH)
Tobias Valencia to second
Batting: RHB Elroy Hartman 0-0: Called Strike
0-1: Ball
1-1: Grounds into double play, 5-4-3 (Groundball, 56S, EV 86.2 MPH)
Tobias Valencia to third
Batting: RHB José Garrastazu 0-0: Ball
1-0: Called Strike
1-1: Swinging Strike
1-2: Ground out 5-3 (Groundball, 5, EV 80.0 MPH)
Top of the 2nd over - 0 runs, 1 hit, 0 errors, 1 left on base; Walla Walla 4 - Myrtle Beach 0
BOTTOM OF THE 2ND
Myrtle Beach Seahawks batting - Pitching for Walla Walla Walleye : RHP Pjotr de Moor
Batting: RHB Tora Tora 0-0: Ball
1-0: Ball
2-0: Ball
3-0: Base on Balls
Batting: RHB Raúl Colomo 0-0: Ball
1-0: Foul Ball, location: 2F
1-1: Swinging Strike
1-2: Grounds into double play, 4-6-3 (Groundball, 4, EV 105.0 MPH)
Batting: SHB Tomás Gálvez 0-0: Ball
1-0: Called Strike
1-1: Ball
2-1: Called Strike
2-2: Foul Ball, location: 2F
2-2: Foul Ball, location: 2F
2-2: Strikes out swinging, 2-3 out at first.
Bottom of the 2nd over - 0 runs, 0 hits, 0 errors, 0 left on base; Walla Walla 4 - Myrtle Beach 0
TOP OF THE 3RD
Walla Walla Walleye batting - Pitching for Myrtle Beach Seahawks : RHP Ignacio Manzanedo
Batting: SHB John Hawley 0-0: Ball
1-0: Called Strike
1-1: Foul Ball, location: 2F
1-2: SINGLE (Groundball, 34D, EV 95.0 MPH)
Batting: SHB Ánibal Arroyo 0-0: Ball
1-0: Ball
2-0: Ball
3-0: Base on Balls
John Hawley to second
Batting: RHB Anthon Oort 0-0: Swinging Strike
0-1: Foul Ball, location: 2F
0-2: Grounds into double play, 5-4-3 (Groundball, 5, EV 88.1 MPH)
John Hawley to third
Batting: RHB Alejandro Cantú 0-0: Ball
1-0: Ball
2-0: Called Strike
2-1: Foul Ball, location: 2F
2-2: Ground out 6-3 (Groundball, 6, EV 107.5 MPH)
Top of the 3rd over - 0 runs, 1 hit, 0 errors, 1 left on base; Walla Walla 4 - Myrtle Beach 0
BOTTOM OF THE 3RD
Myrtle Beach Seahawks batting - Pitching for Walla Walla Walleye : RHP Pjotr de Moor
Batting: RHB Kyle Goodbrand 0-0: Foul Ball, location: 2F
0-1: Ball
1-1: Ground out 4-3 (Groundball, 4, EV 79.4 MPH)
Batting: RHB Abel Risinger 0-0: Called Strike
0-1: Ball
1-1: Swinging Strike
1-2: Strikes out swinging
Batting: RHB Marcos Luna 0-0: Called Strike
0-1: Ball
1-1: Swinging Strike
1-2: Ball
2-2: Ball
3-2: Strikes out looking
Bottom of the 3rd over - 0 runs, 0 hits, 0 errors, 0 left on base; Walla Walla 4 - Myrtle Beach 0
TOP OF THE 4TH
Walla Walla Walleye batting - Pitching for Myrtle Beach Seahawks : RHP Ignacio Manzanedo
Batting: LHB Jeff Hershberger 0-0: Ball
1-0: Swinging Strike
1-1: Ball
2-1: SINGLE (Line Drive, 78S, EV 105.0 MPH)
Batting: RHB Tobias Valencia 0-0: Called Strike
0-1: DOUBLE (Flyball, 8LXD, EV 95.0 MPH)
Jeff Hershberger to third
Batting: RHB Ronald Hancock 0-0: Called Strike
0-1: Fly out, F8 (Line Drive, 8LD, EV 103.1 MPH)
Runner from 3rd tags up, SCORES, no throw by CF
Batting: RHB Elroy Hartman 0-0: Ball
1-0: Ball
Tobias Valencia steals 3rd base (no throw)
2-0: Called Strike
2-1: Ground out U3 (Groundball, 3S, EV 65.0 MPH)
Batting: RHB José Garrastazu 0-0: Ball
1-0: Foul Ball, location: 2F
1-1: Swinging Strike
1-2: Ball
2-2: Strikes out swinging passed ball, reaches first!
Tobias Valencia scores
Batting: SHB John Hawley 0-0: Fly out, F6 (Popup, 6, EV 73.8 MPH)
Top of the 4th over - 2 runs, 2 hits, 0 errors, 1 left on base; Walla Walla 6 - Myrtle Beach 0
BOTTOM OF THE 4TH
Myrtle Beach Seahawks batting - Pitching for Walla Walla Walleye : RHP Pjotr de Moor
Batting: RHB António Macías 0-0: Called Strike
0-1: Ball
1-1: Called Strike
1-2: Foul Ball, location: 2F
1-2: Strikes out swinging
Batting: RHB Dan Kennedy 0-0: Called Strike
0-1: Ground out 1-3 (Groundball, 13, EV 86.9 MPH)
Batting: LHB Teng Xuefeng 0-0: Ball
1-0: Ball
2-0: Foul Ball, location: 2F
2-1: Foul Ball, location: 2F
2-2: Foul Ball, location: 2F
2-2: Foul Ball, location: 2F
2-2: Ball
3-2: Foul Ball, location: 2F
3-2: Strikes out swinging
Bottom of the 4th over - 0 runs, 0 hits, 0 errors, 0 left on base; Walla Walla 6 - Myrtle Beach 0
TOP OF THE 5TH
Walla Walla Walleye batting - Pitching for Myrtle Beach Seahawks : RHP Ignacio Manzanedo
Batting: SHB Ánibal Arroyo 0-0: Ball
1-0: DOUBLE (Line Drive, 7LD, EV 105.0 MPH)
Batting: RHB Anthon Oort 0-0: Called Strike
0-1: Foul Ball, location: 2F
0-2: Ground out 6-3 (Groundball, 6, EV 83.1 MPH)
Batting: RHB Alejandro Cantú 0-0: Ball
1-0: Ball
2-0: Called Strike
2-1: Foul Ball, location: 2F
2-2: Ball
3-2: Foul Ball, location: 2F
3-2: Ground out 4-3 (Groundball, 4M, EV 84.4 MPH)
Ánibal Arroyo to third
Batting: LHB Jeff Hershberger 0-0: Ball
1-0: Called Strike
1-1: Ground out 1-3 (Groundball, 13, EV 86.9 MPH)
Top of the 5th over - 0 runs, 1 hit, 0 errors, 1 left on base; Walla Walla 6 - Myrtle Beach 0
BOTTOM OF THE 5TH
Myrtle Beach Seahawks batting - Pitching for Walla Walla Walleye : RHP Pjotr de Moor
Batting: RHB Tora Tora 0-0: Ball
1-0: Ball
2-0: Foul Ball, location: 2F
2-1: Ball
3-1: Base on Balls
Batting: RHB Raúl Colomo 0-0: Ball
1-0: Foul Ball, location: 2F
1-1: Called Strike
1-2: Ball
2-2: Fly out, F9 (Flyball, 9S, EV 85.0 MPH)
Batting: SHB Tomás Gálvez 0-0: Called Strike
0-1: Ball
1-1: Grounds into double play, 4-6-3 (Groundball, 4, EV 109.4 MPH)
Bottom of the 5th over - 0 runs, 0 hits, 0 errors, 0 left on base; Walla Walla 6 - Myrtle Beach 0
TOP OF THE 6TH
Walla Walla Walleye batting - Pitching for Myrtle Beach Seahawks : RHP Ignacio Manzanedo
Batting: RHB Tobias Valencia 0-0: Ground out 5-3 (Groundball, 56S, EV 80.0 MPH)
Batting: RHB Ronald Hancock 0-0: Ball
1-0: Foul Ball, location: 2F
1-1: Ball
2-1: Fly out, F9 (Flyball, 9S, EV 90.6 MPH)
Batting: RHB Elroy Hartman 0-0: Foul Ball, location: 2F
0-1: Ball
1-1: SINGLE (Groundball, 56D, EV 99.4 MPH)
Pitching: RHP Prosper Azagba
Batting: RHB José Garrastazu 0-0: Ball
1-0: Ball
2-0: Fielders Choice at 2nd, 6-4 (Groundball, 6, EV 105.6 MPH)
Top of the 6th over - 0 runs, 1 hit, 0 errors, 1 left on base; Walla Walla 6 - Myrtle Beach 0
BOTTOM OF THE 6TH
Myrtle Beach Seahawks batting - Pitching for Walla Walla Walleye : RHP Pjotr de Moor
Batting: RHB Kyle Goodbrand 0-0: Fly out, F8 (Line Drive, 8RD, EV 93.8 MPH)
Batting: RHB Abel Risinger 0-0: Ball
1-0: Swinging Strike
1-1: Swinging Strike
1-2: Ball
2-2: Strikes out swinging
Batting: RHB Marcos Luna 0-0: Called Strike
0-1: Ball
1-1: Ball
2-1: Called Strike
2-2: Foul Ball, location: 2F
2-2: Strikes out looking
Bottom of the 6th over - 0 runs, 0 hits, 0 errors, 0 left on base; Walla Walla 6 - Myrtle Beach 0
TOP OF THE 7TH
Walla Walla Walleye batting - Pitching for Myrtle Beach Seahawks : RHP Prosper Azagba
Batting: SHB John Hawley 0-0: Foul Ball, location: 2F
0-1: Ball
1-1: Swinging Strike
1-2: SINGLE (Line Drive, 56D, EV 103.1 MPH)
Batting: SHB Ánibal Arroyo 0-0: Called Strike
0-1: Fly out, F9 (Flyball, 9S, EV 86.2 MPH)
Batting: RHB Anthon Oort 0-0: Ball
John Hawley steals 2nd base
1-0: DOUBLE (Line Drive, 89XD, EV 101.9 MPH)
John Hawley scores
Pinch Hitting: RHB Skip Giblet 0-0: SINGLE (Groundball, 34S, EV 85.0 MPH) (infield hit)
Anthon Oort to third
Batting: LHB Jeff Hershberger 0-0: Ball
1-0: Ball
2-0: Called Strike
2-1: Foul Ball, location: 2F
2-2: Strikes out swinging
Batting: RHB Tobias Valencia 0-0: Ball
1-0: Foul Ball, location: 2F
1-1: Ball
2-1: Swinging Strike
2-2: Strikes out swinging
Top of the 7th over - 1 run, 3 hits, 0 errors, 2 left on base; Walla Walla 7 - Myrtle Beach 0
BOTTOM OF THE 7TH
Myrtle Beach Seahawks batting - Pitching for Walla Walla Walleye : RHP Pjotr de Moor
Now at 2B: Skip Giblet
Pinch Hitting: SHB Ezequíel Gaos 0-0: Ball
1-0: Ball
2-0: Foul Ball, location: 2F
2-1: Foul Ball, location: 2F
2-2: Ground out 5-3 (Groundball, 5, EV 104.4 MPH)
Batting: RHB Dan Kennedy 0-0: Ball
1-0: Ball
2-0: Ball
3-0: Called Strike
3-1: Fly out, F9 (Flyball, 9D, EV 108.8 MPH)
Batting: LHB Teng Xuefeng 0-0: Swinging Strike
0-1: Swinging Strike
0-2: Strikes out swinging
Bottom of the 7th over - 0 runs, 0 hits, 0 errors, 0 left on base; Walla Walla 7 - Myrtle Beach 0
TOP OF THE 8TH
Walla Walla Walleye batting - Pitching for Myrtle Beach Seahawks : RHP Prosper Azagba
Now at 3B: Ezequíel Gaos
Batting: RHB Ronald Hancock 0-0: Swinging Strike
0-1: Ball
1-1: Foul Ball, location: 2F
1-2: Ball
2-2: Strikes out swinging
Batting: RHB Elroy Hartman 0-0: Ball
1-0: Swinging Strike
1-1: Ball
2-1: Swinging Strike
2-2: Strikes out swinging
Batting: RHB José Garrastazu 0-0: Called Strike
0-1: Ball
1-1: Foul Ball, location: 2F
1-2: Strikes out swinging
Top of the 8th over - 0 runs, 0 hits, 0 errors, 0 left on base; Walla Walla 7 - Myrtle Beach 0
BOTTOM OF THE 8TH
Myrtle Beach Seahawks batting - Pitching for Walla Walla Walleye : RHP Pjotr de Moor
Pinch Hitting: RHB Olkhovsky Gennadiyevich 0-0: DOUBLE (Groundball, 5L, EV 104.4 MPH)
Batting: RHB Raúl Colomo 0-0: Ball
1-0: Ball
2-0: Called Strike
2-1: Fly out, F8 (Flyball, 8RM, EV 88.1 MPH)
Batting: SHB Tomás Gálvez 0-0: Ball
1-0: Called Strike
1-1: Called Strike
1-2: Ball
2-2: Strikes out swinging
Pitching: LHP Joe Smith
Batting: RHB Kyle Goodbrand 0-0: Ball
1-0: Called Strike
1-1: Ball
2-1: Foul Ball, location: 2F
2-2: Strikes out swinging
Bottom of the 8th over - 0 runs, 1 hit, 0 errors, 1 left on base; Walla Walla 7 - Myrtle Beach 0
TOP OF THE 9TH
Walla Walla Walleye batting - Pitching for Myrtle Beach Seahawks : RHP Prosper Azagba
Now at 1B: Christiaan Bunschoten
Batting: SHB John Hawley 0-0: Foul Ball, location: 2F
0-1: Ball
1-1: Ball
2-1: Foul Ball, location: 2F
2-2: Fly out, F7 (Flyball, 7S, EV 93.1 MPH)
Pinch Hitting: RHB Ron Lee 0-0: Ball
1-0: Foul Ball, location: 2F
1-1: Swinging Strike
1-2: Strikes out swinging
Batting: RHB Anthon Oort 0-0: Ground out 4-3 (Groundball, 34, EV 105.0 MPH)
Top of the 9th over - 0 runs, 0 hits, 0 errors, 0 left on base; Walla Walla 7 - Myrtle Beach 0
BOTTOM OF THE 9TH
Myrtle Beach Seahawks batting - Pitching for Walla Walla Walleye : LHP Joe Smith
Now at 1B: Luis Arroyo
Batting: RHB Abel Risinger 0-0: Called Strike
0-1: SINGLE (Line Drive, 8RS, EV 98.1 MPH)
Batting: RHB Marcos Luna 0-0: Ball
1-0: Swinging Strike
1-1: Foul Ball, location: 2F
1-2: Fly out, F7 (Flyball, 78S, EV 93.8 MPH)
Batting: SHB Ezequíel Gaos 0-0: Ball
1-0: Foul Ball, location: 2F
1-1: DOUBLE (Flyball, 8RXD, EV 108.1 MPH)
Abel Risinger to third
Batting: RHB Dan Kennedy 0-0: Ball
1-0: 3-RUN HOME RUN (Flyball, 8RXD, EV 100.0 MPH), Distance : 467 ft
Pitching: RHP Manny Crespo
Batting: LHB Teng Xuefeng 0-0: Called Strike
0-1: Fly out, F7 (Flyball, 7S, EV 82.5 MPH)
Batting: RHB Christiaan Bunschoten 0-0: Foul Ball, location: 2F
0-1: Ground out 6-3 (Groundball, 6, EV 81.2 MPH)
Bottom of the 9th over - 3 runs, 3 hits, 0 errors, 0 left on base; Walla Walla 7 - Myrtle Beach 3
Friday, April 17th, 2020 - OOTP Baseball 20.8 Build 74